 Dungeon Crawl Stone Soup version 0.26-a0-612-gd4d190f45e (webtiles) character file.

Game seed: 4977447503507697651

1071 Hastur the Sneak (level 8, 0/50 HPs)
             Began as a Kobold Hunter on Sept 9, 2020.
             Was a Follower of Uskayaw.
             Slain by a yak (10 damage)
             ... on level 5 of the Dungeon.
             The game lasted 00:21:33 (7210 turns).

Hastur the Sneak (Kobold Hunter)                    Turns: 7210, Time: 00:21:34

Health: 0/50       AC:  6    Str: 17    XL:     8   Next: 53%
Magic:  9/9        EV: 18    Int: 13    God:    Uskayaw [*.....]
Gold:   441        SH:  0    Dex: 15    Spells: 7/7 levels left

rFire    . . .     SeeInvis .   b - +0 short sword
rCold    + . .     Faith    .   (shield restricted)
rNeg     . . .     Spirit   .   c - +0 leather armour
rPois    .         Reflect  .   n - +1 helmet (curse)
rElec    .         Harm     .   k - +0 cloak
rCorr    .                      (no gloves)
MR       .....                  (no boots)
Stlth    ++++......             (no amulet)
HPRegen  0.16/turn              p - +6 ring of strength
MPRegen  0.11/turn              o - ring of protection from cold

@: no status effects
A: small, nightstalker 3
a: Stomp, Renounce Religion


You were on level 5 of the Dungeon.
You worshipped Uskayaw.
Uskayaw was noncommittal.
You visited 1 branch of the dungeon, and saw 5 of its levels.
You also visited: Ossuary.

You collected 441 gold pieces.

Inventory:

Hand Weapons
 a - a +1 hand crossbow
 b - a +0 short sword (weapon)
Missiles
 f - 242 stones
 l - 18 poisoned darts (quivered)
 v - 34 bolts
Armour
 c - a +0 leather armour (worn)
 k - a +0 cloak (worn)
   (You found it on level 2 of the Dungeon)
 n - a cursed +1 helmet (worn)
   (You found it on level 2 of the Dungeon)
Jewellery
 o - a ring of protection from cold (right hand)
   (You found it on level 3 of the Dungeon)
 p - a +6 ring of strength (left hand)
   (You found it on level 2 of the Dungeon)
 r - a cursed amulet of inaccuracy
   (You found it on level 3 of the Dungeon)
Wands
 d - a wand of iceblast (1)
   (You found it on level 3 of the Dungeon)
 u - a wand of paralysis (4)
   (You found it on level 2 of the Dungeon)
Scrolls
 e - 3 scrolls of identify {@r1}
 g - 4 scrolls of teleportation {@r4}
 i - 2 scrolls of remove curse {@r2}
 m - 4 scrolls of noise {!r}
 y - a scroll of torment {unknown}
 B - a scroll of fog {unknown}
Potions
 h - 2 potions of brilliance
 j - 2 potions of lignification {!q}
 q - a potion of stabbing
 s - a potion of curing {@q1}
 t - a potion of flight
 w - a potion of might
 x - a potion of mutation {!q}
 z - 2 potions of resistance
 A - 2 potions of cancellation


   Skills:
 + Level 5.4 Fighting
 + Level 5.5 Short Blades
 - Level 4.8 Crossbows
 + Level 5.9 Dodging
 + Level 6.6 Stealth
 * Level 2.3 Invocations


You had 7 spell levels left.
You didn't know any spells.
Your spell library was empty.

Dungeon Overview and Level Annotations

Branches:
Dungeon (5/15)            Ossuary (visited)
 Temple: D:4-7

Altars:
Ashenzari
Gozag
Nemelex Xobeh
Ru
Sif Muna
Uskayaw
Yredelemnul

Annotations:
D:2 1 runed translucent door, 1 exclusion, Crazy Yiuf


Innate Abilities, Weirdness & Mutations

You are small and have problems with some larger weapons.
You are completely attuned to the shadows.


Message History

Throwing (i - inventory. (/) - cycle)
l - 24 poisoned darts (quivered)
Aim: a yak (heavily wounded)
You throw a poisoned dart. The poisoned dart hits the yak.
The yak is poisoned.
The yak gores you!
The worker ant bites you but does no damage.
The worker ant bites you. The worker ant completely misses you.
Throwing (i - inventory. (/) - cycle)
l - 23 poisoned darts (quivered)
Aim: a yak (heavily wounded)
You throw a poisoned dart.
The poisoned dart barely misses the worker ant.
The poisoned dart hits the yak.
The yak is poisoned.
The worker ant misses you.
Throwing (i - inventory. (/) - cycle)
l - 22 poisoned darts (quivered)
Aim: a yak (heavily wounded, poisoned)
You throw a poisoned dart.
The poisoned dart barely misses the worker ant.
The poisoned dart closely misses the yak.
The worker ant misses you.
Throwing (i - inventory. (/) - cycle)
l - 21 poisoned darts (quivered)
Aim: a yak (severely wounded, poisoned)
You throw a poisoned dart.
The poisoned dart closely misses the worker ant.
The poisoned dart hits the yak.
The yak looks even sicker.
The worker ant barely misses you. The worker ant closely misses you.
You hit the worker ant. The worker ant barely misses you.
You hit the worker ant.
You kill the worker ant!
You hit the yak. The yak gores you.
You hit the yak. The yak gores you!
You hit the yak. The yak gores you!
* * * LOW HITPOINT WARNING * * *
You can now pass through a line of other dancers.
The yak looks more healthy.
You can no longer pass through a line of other dancers.
Throwing (i - inventory. (/) - cycle)
l - 20 poisoned darts (quivered)
Aim: a yak (almost dead)
You throw a poisoned dart.
The poisoned dart barely misses the yak.
The yak gores you.
* * * LOW HITPOINT WARNING * * *
You see here a rapier.
Unknown command.
You see here a leather armour.
You see here a chain mail.
Throwing (i - inventory. (/) - cycle)
l - 19 poisoned darts (quivered)
Aim: a yak (almost dead)
You throw a poisoned dart. The poisoned dart hits the yak.
The yak is poisoned.
The yak gores you!
You die...

*,,,...#.# #......## #....
*,*##.*#.########.....######. *,*
*,,#.....#**##..#........ *,*
***#####.#,,......####### *,*
**..?.#.#**##.#### *,****.....#.#
#.# *,,,,,.....#.# #.#
******,,...#.# #.# *,,..*#@# #.#
******#Y# #.# #a#####.#####
####### ****#**#...........#
#[....###,,,#.##.#####.###.######
........#,*,,#...#>##...##.......
#.......#,*,#..#.#.#.....#######.
#.......#.**.#.#)#......## #.
#.......#.*,*.,#.#......# ##.


You could see a yak (poisoned) and a worker ant.

Vanquished Creatures
  A yak (D:4)
  Duvessa (D:4)
  2 ogres
  Dowan (D:4)
  A hound (D:4)
  A bullfrog skeleton (D:4)
  2 human zombies (Ossuary)
  Natasha (thrice) (D:2)
  5 worker ants
  A big kobold zombie (Ossuary)
  2 hound zombies (Ossuary)
  A hound skeleton (D:4)
  5 mummies
  8 adders
  An ooze (D:1)
  An adder skeleton (D:5)
  3 worms
  2 dart slugs (D:1)
  4 leopard geckos
  2 orcs
  4 giant cockroaches
  7 goblins
  9 hobgoblins
  5 jackals (D:3)
  5 kobolds
  A quokka (D:4)
  12 bats
  4 frilled lizards
  2 gnoll zombies (Ossuary)
  2 hobgoblin zombies (Ossuary)
  A jackal skeleton (D:4)
  A kobold zombie (Ossuary)
  An orc zombie (Ossuary)
  9 rats
  A rat zombie (Ossuary)
111 creatures vanquished.

Notes
Turn   | Place    | Note
-------+----------+-------------------------------------------
     0 | D:1      | Hastur the Kobold Hunter began the quest for the Orb.
     0 | D:1      | Reached XP level 1. HP: 12/12 MP: 1/1
   139 | D:1      | Reached XP level 2. HP: 18/18 MP: 2/2
   144 | D:1      | Found a shattered altar of Ashenzari.
   157 | D:1      | Reached skill level 2 in Stealth
   369 | D:1      | Reached XP level 3. HP: 21/22 MP: 3/3
   631 | D:1      | Reached skill level 1 in Short Blades
  1171 | D:2      | Found an opulent altar of Gozag.
  1309 | D:2      | Reached XP level 4. HP: 27/27 MP: 4/4
  1452 | D:2      | Noticed Natasha
  1464 | D:2      | Killed Natasha
  1464 | D:2      | Reached skill level 3 in Stealth
  1566 | D:2      | Found a runed translucent door.
  1569 | D:2      | Noticed Crazy Yiuf
  1609 | D:2      | Noticed Natasha
  1618 | D:2      | Killed Natasha
  1618 | D:2      | Reached XP level 5. HP: 32/32 MP: 5/5
  1633 | D:2      | Noticed Natasha
  1643 | D:2      | Killed Natasha
  2670 | D:2      | Reached skill level 4 in Stealth
  3434 | D:3      | HP: 1/32 [poisoned by an adder]
  3746 | D:3      | Found a sacrificial altar of Ru.
  3746 | D:3      | Found a sparkling altar of Nemelex Xobeh.
  3746 | D:3      | Found a shimmering blue altar of Sif Muna.
  3921 | D:4      | Reached XP level 6. HP: 34/38 MP: 6/6
  4068 | D:4      | Noticed Duvessa
  4142 | D:4      | Noticed Dowan
  4148 | D:4      | Killed Duvessa
  4150 | D:4      | Killed Dowan
  4165 | D:4      | Reached XP level 7. HP: 36/43 MP: 7/7
  4242 | D:4      | Reached skill level 5 in Stealth
  4279 | D:4      | Reached skill level 5 in Dodging
  5030 | D:5      | Entered Level 5 of the Dungeon
  5121 | D:5      | Found a sand-covered staircase.
  5217 | Ossuary  | Entered an ossuary
  5318 | Ossuary  | Reached skill level 6 in Stealth
  5318 | Ossuary  | Reached XP level 8. HP: 19/48 MP: 8/8
  5339 | Ossuary  | Reached skill level 5 in Fighting
  5367 | Ossuary  | Reached skill level 5 in Short Blades
  5783 | D:5      | Noticed a yak
  5783 | D:5      | Noticed a yak
  5783 | D:5      | Noticed a yak
  5783 | D:5      | Noticed a yak
  5783 | D:5      | Noticed a yak
  5783 | D:5      | Noticed a yak
  5948 | D:5      | Found a hide-covered altar of Uskayaw.
  5951 | D:5      | Became a worshipper of Uskayaw the Reveler
  5968 | D:5      | Found a basalt altar of Yredelemnul.
  6088 | D:5      | Reached * piety under Uskayaw
  6092 | D:5      | Reached skill level 1 in Invocations
  6395 | D:5      | Reached ** piety under Uskayaw
  6451 | D:4      | Killed a yak
  7210 | D:5      | Slain by a yak

Illustrated notes

Levels and vault maps discovered:
D:1:      matt_arrival_los_fun, layout_basic, evilmike_ruin_ashenzari
D:2:      layout_basic, nicolae_gozag_cash_rules_everything_around_me,
          uniq_natasha, uniq_crazy_yiuf_cottage
D:3:      layout_loops_ring, gammafunk_temple_overflow_claw
D:4:      layout_loops_ring, uniq_duvessa
D:5:      layout_loops_corners, kennysheep_little_box, lemuel_crystal_altar,
          gup_ossuary_entry_pyramid, serial_co_window_serial,
          co_window_of_opportunity_a, co_window_of_opportunity_a,
          co_window_paths_a, co_window_corner_a, co_window_corner_a,
          co_window_corner_ca, co_window_corner_cb, co_window_unsneaky_path_d,
          glass_columns_c, glass_columns_a, glass_columns_b, dk_rats_in_the_wall

Skill      XL: |  1  2  3  4  5  6  7  8 |
---------------+-------------------------+-----
Stealth        | 2 3 4 6 |  6.6
Dodging        | 3 4 5 |  5.9
Short Blades   | 1 2 3 4 5 |  5.5
Fighting       | 3 4 5 |  5.4
Invocations    | 2 |  2.3
Crossbows      | |  4.8

Action                   |  1- 3 |  4- 6 |  7- 9 || total
-------------------------+-------+-------+-------++-------
Melee: Short sword       |   101 |   160 |   212 ||   473
 Fire: Hand crossbow     |       |    15 |     6 ||    21
Throw: Dart              |       |    18 |    30 ||    48
Evoke: Wand              |       |     4 |     4 ||     8
  Use: Scroll            |       |     6 |     9 ||    15
       Potion            |       |     1 |     1 ||     2
 Stab: Sleeping          |    15 |    11 |     8 ||    34
       Paralysed         |       |     5 |       ||     5
       Distracted        |       |       |     2 ||     2
Armor: Leather armour    |    14 |    22 |    38 ||    74
Dodge: Dodged            |    73 |   134 |   174 ||   381

Table legend: (Time is in decaauts)
 A = Elapsed time spent in this place.
 B = Non-inter-level travel time spent in this place.
 C = Inter-level travel time spent in this place.
 D = Time resting spent in this place.
 E = Time spent auto-exploring this place.
 F = Levels seen in this place.
 G = Mean time per level.
                   A        B        C        D        E       F      G
               +--------+--------+--------+--------+--------+-----+--------+
         Total |   7203 |   7029 |    174 |   1840 |   3498 |   6 | 1200.5 |
       Dungeon |   6723 |   6549 |    174 |   1677 |   3464 |   5 | 1344.6 |
       Ossuary |    479 |    479 |      0 |    163 |     34 |   1 |  479.0 |
               +--------+--------+--------+--------+--------+-----+--------+

Top non-repeatable levels by time:
     D:3: 1663 daAuts
     D:5: 1444 daAuts
     D:4: 1371 daAuts
     D:1: 1158 daAuts
     D:2: 1085 daAuts
 Ossuary: 479 daAuts
